Map: Romanticide LE

Players

Ranger

  • Race: Protoss Protoss
  • Spawn Location: 5:00

BlysK - Winner!

  • Race: Protoss Protoss
  • League: Master
  • Spawn Location: 11:00

Event: DreamHack SC2 Masters 2020 Winter

VOD

Have the link to the VOD?

Description

Time

  • Played on: Oct. 17, 2020, 1:33 a.m.
  • Length: 19:02

All games in this series

Show
View Real Time Build Order
Export as new Build Order

Ranger Protoss 

Build Orders:  

Get SALT Encoding   

  12  0:00  Probe  
  13  0:12  Probe  
  14  0:17  Pylon  
  14  0:24  Probe (Chrono Boost)  
  15  0:36  Probe (Chrono Boost)  
  15  0:37  Gateway  
  16  0:45  Probe (Chrono Boost)  
  16  0:46  Assimilator  
  17  0:50  Probe  
  17  0:54  Assimilator  
  18  1:03  Probe (Chrono Boost)  
  19  1:07  Gateway  
  20  1:12  Probe (Chrono Boost)  
  20  1:17  Probe (Chrono Boost)  
  20  1:24  Cybernetics Core  
  21  1:29  Probe  
  22  1:32  Pylon  
  22  1:41  Probe  
  23  1:53  Probe  
  24  2:00  Stalker  
  24  2:01  Sentry  
  28  2:05  Probe  
  28  2:07  Pylon  
  29  2:21  Warp Gate (Chrono Boost)  
  29  2:28  Stalker  
  30  2:30  Stalker  
  32  2:46  Nexus  
  32  2:53  Probe  
  32  2:56  Shield Battery  
  33  3:06  Stalker  
  33  3:11  Probe  
  36  3:17  Pylon  
  36  3:32  Pylon, Twilight Council  
  36  3:35  Probe  
  37  3:50  Shield Battery  
  37  3:54  Probe (Chrono Boost)  
  38  3:58  Probe (Chrono Boost)  
  38  4:02  Stalker x2  
  43  4:07  Blink (Chrono Boost), Probe (Chrono Boost)  
  43  4:08  Probe (Chrono Boost)  
  45  4:17  Probe  
  45  4:19  Probe  
  47  4:25  Sentry x2  
  47  4:29  Probe  
  52  4:32  Probe  
  53  4:38  Pylon  
  53  4:41  Probe  
  53  4:44  Probe  
  55  4:48  Stalker  
  55  4:49  Stalker  
  58  4:56  Probe  
  58  4:58  Probe  
  57  5:05  Robotics Facility  
  57  5:08  Probe  
  57  5:10  Probe  
  57  5:11  Assimilator  
  57  5:13  Pylon  
  59  5:20  Probe  
  60  5:22  Probe  
  60  5:24  Forge  
  60  5:26  Sentry  
  63  5:33  Probe  
  63  5:34  Probe  
  65  5:39  Gateway  
  65  5:40  Gateway  
  65  5:45  Probe  
  65  5:46  Probe  
  67  5:55  Nexus  
  67  5:56  Observer (Chrono Boost)  
  68  6:00  Shield Battery  
  68  6:02  Protoss Ground Weapons Level 1 (Chrono Boost)  
  68  6:08  Stalker  
  70  6:12  Stalker  
  70  6:18  Probe x2  
  74  6:29  Pylon  
  74  6:30  Probe  
  74  6:31  Assimilator  
  75  6:34  Gateway  
  75  6:37  Immortal (Chrono Boost)  
  75  6:39  Probe  
  74  6:46  Pylon  
  78  6:47  Probe  
  78  6:53  Gateway  
  79  6:54  Gateway  
  79  6:56  Probe  
  79  7:00  Probe  
  81  7:10  Stalker x2  
  81  7:12  Pylon  
  85  7:16  Pylon, Probe x2  
  85  7:17  Probe  
  85  7:19  Charge (Chrono Boost), Observer (Chrono Boost)  
  85  7:21  Pylon  
  89  7:28  Probe x2  
  89  7:29  Probe  
  92  7:38  Stalker x2  
  92  7:40  Probe x2  
  92  7:41  Pylon  
  92  7:43  Probe  
  99  7:48  Stalker x2  
  103  7:58  Robotics Bay, Photon Cannon  
  103  8:00  Photon Cannon  
  103  8:06  Photon Cannon  
  104  8:13  Stalker, Robotics Facility, Observer (Chrono Boost)  
  104  8:14  Stalker  
  104  8:19  Assimilator  
  108  8:21  Observer  
  108  8:22  Assimilator, Stalker  
  108  8:26  Probe x2  
  108  8:27  Probe  
  113  8:45  Stalker x6  
  113  8:46  Stalker  
  127  8:51  Observer, Probe  
  88  9:10  Stalker x6  
  88  9:14  Stalker  
  97  9:19  Probe  
  97  9:21  Probe  
  93  9:33  Stalker x2  
  93  9:35  Probe  
  93  9:36  Probe  
  97  9:53  Stalker x2  
  97  9:54  Stalker  
  103  10:07  Stalker x2  
  103  10:11  Photon Cannon  
  103  10:13  Observer  
  107  10:14  Disruptor (Chrono Boost)  
  107  10:17  Disruptor (Chrono Boost)  
  113  10:27  Stalker x2  
  117  10:38  Disruptor (Chrono Boost)  
  117  10:39  Disruptor (Chrono Boost)  
  120  10:47  Protoss Ground Weapons Level 2 (Chrono Boost)  
  120  10:49  Stalker x3  
  129  11:03  Nexus  
  129  11:08  Disruptor  
  132  11:12  Stalker x2  
  132  11:18  Stalker x2  
  140  11:36  Pylon  
  140  11:39  Pylon  
  140  11:41  Dark Shrine  
  140  11:54  Stalker x2, Disruptor x2 (Chrono Boost)  
  139  11:58  Photon Cannon  
  149  12:05  Pylon  
  149  12:06  Pylon  
  149  12:09  Pylon  
  149  12:10  Probe  
  149  12:11  Pylon  
  150  12:17  Pylon  
  150  12:18  Probe x2  
  150  12:19  Photon Cannon x2, Probe  
  150  12:22  Shield Battery  
  153  12:42  Stalker x6  
  153  12:43  Stalker  
  130  12:55  Disruptor x2 (Chrono Boost)  
  97  13:12  Stalker x7  
  100  13:28  Disruptor x2 (Chrono Boost)  
  106  13:36  Dark Templar x5  
  106  13:38  Stalker  
  118  13:46  Stalker  
  120  13:54  Disruptor (Chrono Boost)  
  117  14:06  Probe  
  117  14:11  Disruptor (Chrono Boost)  
  117  14:15  Zealot x3  
  117  14:17  Nexus  
  124  14:19  Pylon  
  124  14:22  Pylon  
  110  14:41  Protoss Ground Weapons Level 3 (Chrono Boost)  
  110  14:42  Stalker x7  
  124  14:46  Photon Cannon  
  124  14:47  Shield Battery  
  124  14:55  Disruptor (Chrono Boost)  
  124  14:57  Observer (Chrono Boost)  
  128  15:13  Gravitic Boosters (Chrono Boost)  
  128  15:15  Stalker x4  
  128  15:19  Zealot  
  138  15:24  Disruptor (Chrono Boost)  
  138  15:39  Assimilator  
  138  15:41  Dark Templar  
  138  15:42  Assimilator  
  140  15:43  Photon Cannon  
  140  15:45  Photon Cannon, Dark Templar, Disruptor (Chrono Boost)  
  145  15:55  Stalker x2  
  149  15:58  Disruptor (Chrono Boost)  
  152  16:13  Disruptor  
  139  16:28  Stalker x5  
  138  16:45  Stalker x2  
  145  16:48  Gateway  
  145  16:51  Stalker  
  145  16:52  Stalker x2  
  148  16:55  Photon Cannon  
  148  16:58  Photon Cannon  
  144  17:03  Shield Battery  
  132  17:21  Stalker x3  
  132  17:22  Stalker x4  
  117  17:27  Pylon  
  83  17:44  Stalker x3  
  83  17:45  Stalker x3  
  83  17:50  Robotics Facility  
  80  17:56  Stalker  
  64  18:08  Stalker x4  
  69  18:18  Robotics Bay  
  69  18:23  Stalker x3  
  69  18:26  Probe (Chrono Boost)  
  76  18:35  Dark Templar  
  78  18:42  Pylon  
  78  18:45  Stalker x2  
  78  18:48  Stalker  
  80  18:54  Stalker  
  69  18:56  Stalker  
Show
View Real Time Build Order
Export as new Build Order

BlysK Protoss - Winner!

Build Orders: Oracle Opening 

Get SALT Encoding   

  12  0:00  Probe  
  13  0:12  Probe  
  14  0:18  Pylon  
  14  0:24  Probe  
  15  0:36  Gateway  
  15  0:37  Probe (Chrono Boost)  
  16  0:45  Assimilator  
  16  0:49  Probe (Chrono Boost)  
  17  0:54  Probe (Chrono Boost)  
  18  0:58  Assimilator  
  18  1:03  Probe  
  19  1:15  Gateway, Probe  
  20  1:22  Cybernetics Core  
  20  1:27  Probe  
  21  1:36  Pylon  
  21  1:40  Probe  
  22  1:52  Probe  
  23  2:01  Stalker x2 (Chrono Boost)  
  23  2:02  Warp Gate  
  23  2:08  Pylon  
  27  2:09  Probe  
  28  2:20  Pylon  
  28  2:22  Stalker  
  30  2:36  Stalker  
  31  2:47  Stargate  
  31  2:56  Probe  
  32  3:04  Nexus  
  32  3:06  Sentry  
  32  3:10  Probe  
  35  3:19  Shield Battery  
  35  3:28  Oracle (Chrono Boost)  
  35  3:33  Probe  
  39  3:38  Shield Battery  
  39  3:42  Pylon  
  39  3:57  Twilight Council  
  39  4:00  Probe  
  40  4:04  Adept x2  
  44  4:12  Probe (Chrono Boost)  
  44  4:16  Gateway  
  45  4:17  Probe (Chrono Boost)  
  47  4:24  Probe (Chrono Boost)  
  47  4:26  Probe (Chrono Boost)  
  47  4:29  Probe (Chrono Boost)  
  47  4:31  Blink (Chrono Boost), Probe (Chrono Boost)  
  50  4:39  Probe  
  50  4:43  Probe  
  52  4:52  Probe  
  53  4:57  Probe  
  49  5:01  Stalker x2  
  49  5:04  Probe  
  52  5:09  Gateway  
  52  5:10  Probe  
  52  5:12  Assimilator  
  53  5:18  Robotics Facility  
  53  5:19  Probe  
  53  5:21  Stalker  
  56  5:23  Probe  
  56  5:28  Pylon  
  57  5:35  Pylon  
  57  5:36  Probe x2  
  57  5:39  Assimilator, Phoenix, Sentry  
  61  5:47  Stalker  
  61  5:48  Probe  
  64  5:55  Probe  
  65  6:01  Forge, Pylon  
  65  6:03  Phoenix, Pylon  
  65  6:07  Immortal (Chrono Boost)  
  71  6:14  Stalker x2  
  73  6:27  Probe  
  74  6:39  Immortal (Chrono Boost)  
  74  6:40  Protoss Ground Weapons Level 1 (Chrono Boost)  
  74  6:44  Nexus  
  74  6:46  Pylon  
  78  6:48  Charge  
  78  6:52  Probe  
  78  6:54  Probe  
  80  6:58  Robotics Bay  
  80  7:04  Probe  
  80  7:06  Probe  
  82  7:09  Pylon  
  82  7:16  Warp Prism (Chrono Boost), Probe  
  82  7:18  Probe  
  86  7:23  Gateway  
  86  7:27  Gateway  
  86  7:28  Probe  
  87  7:30  Probe  
  87  7:35  Dark Shrine  
  88  7:37  Pylon  
  88  7:40  Probe  
  88  7:42  Probe  
  90  7:46  Disruptor (Chrono Boost)  
  90  7:51  Photon Cannon  
  93  7:52  Probe  
  93  7:54  Probe  
  95  8:05  Probe  
  96  8:06  Gateway  
  96  8:07  Gateway  
  96  8:11  Probe x2  
  98  8:13  Assimilator  
  98  8:17  Probe  
  98  8:18  Photon Cannon, Disruptor (Chrono Boost)  
  102  8:24  Probe  
  102  8:25  Zealot x3  
  109  8:30  Probe  
  109  8:33  Assimilator  
  110  8:40  Observer (Chrono Boost)  
  110  8:47  Gateway, Dark Templar  
  110  8:48  Dark Templar x2  
  117  8:49  Dark Templar  
  117  8:50  Stalker x2  
  114  8:57  Disruptor (Chrono Boost)  
  114  9:01  Probe  
  86  9:13  Zealot x4  
  86  9:15  Probe  
  93  9:28  Disruptor (Chrono Boost)  
  93  9:30  Dark Templar x2  
  95  9:33  Probe  
  89  9:46  Stalker x4  
  89  9:47  Stalker, Zealot x2  
  97  9:53  Probe  
  97  9:55  Disruptor (Chrono Boost)  
  97  9:56  Gateway  
  97  9:58  Protoss Ground Weapons Level 2 (Chrono Boost)  
  97  9:59  Photon Cannon  
  99  10:01  Pylon, Shield Battery  
  99  10:08  Dark Templar x2, Zealot x2  
  99  10:10  Zealot x4  
  99  10:12  Archon  
  115  10:27  Warp Prism (Chrono Boost)  
  118  10:31  Stalker x2, Dark Templar x2  
  118  10:32  Zealot x2  
  129  10:35  Archon  
  129  10:43  Nexus  
  129  10:45  Pylon  
  129  10:55  Dark Templar x2  
  129  10:56  Disruptor (Chrono Boost)  
  133  11:00  Stalker, Zealot  
  140  11:09  Shield Battery  
  140  11:10  Dark Templar  
  142  11:13  Stalker x2  
  146  11:20  Photon Cannon  
  146  11:22  Pylon, Probe x2  
  147  11:38  Pylon  
  146  11:40  Pylon  
  146  11:42  Pylon  
  146  11:43  Pylon  
  146  11:45  Pylon  
  144  11:48  Nexus  
  144  11:51  Pylon  
  142  11:54  Disruptor (Chrono Boost)  
  145  12:02  Dark Templar x2, Nexus  
  145  12:04  Stalker x2  
  151  12:10  Stalker x2  
  151  12:15  Stalker x2  
  159  12:18  Stalker  
  161  12:29  Disruptor (Chrono Boost)  
  161  12:31  Stalker x3  
  146  12:57  Stalker x6  
  146  12:58  Stalker  
  141  13:10  Observer (Chrono Boost)  
  125  13:20  Robotics Facility  
  125  13:26  Protoss Ground Weapons Level 3 (Chrono Boost)  
  123  13:29  Stalker x6  
  123  13:30  Zealot x4  
  143  13:40  Disruptor (Chrono Boost)  
  146  13:42  Probe x2  
  146  13:43  Probe  
  146  13:47  Pylon  
  134  13:58  Zealot x5  
  134  14:08  Dark Templar x2  
  132  14:11  Observer (Chrono Boost)  
  132  14:13  Disruptor (Chrono Boost)  
  136  14:17  Probe x2  
  136  14:18  Photon Cannon, Probe  
  136  14:21  Shield Battery  
  139  14:25  Pylon  
  139  14:30  Zealot x3  
  140  14:38  Disruptor (Chrono Boost)  
  110  14:41  Archon, Disruptor (Chrono Boost)  
  110  14:42  Probe  
  110  14:43  Probe  
  110  14:45  Pylon  
  110  14:48  Stalker x6  
  110  14:49  Stalker x4  
  130  15:04  Nexus  
  130  15:11  Disruptor x2 (Chrono Boost)  
  136  15:21  Dark Templar  
  136  15:24  Zealot x5  
  136  15:25  Zealot  
  150  15:35  Photon Cannon  
  150  15:36  Shield Battery  
  150  15:43  Pylon  
  150  15:44  Disruptor  
  150  15:45  Observer  
  154  15:51  Stalker x3  
  160  16:02  Unknown  
  160  16:05  Photon Cannon  
  160  16:06  Photon Cannon  
  160  16:13  Dark Templar x2  
  164  16:29  Probe  
  163  16:40  Nexus  
  163  16:42  Dark Templar  
  163  16:43  Dark Templar x2  
  163  16:44  Shield Battery  
  167  16:52  Assimilator  
  167  17:03  Zealot x7  
  133  17:32  Stalker x6  
  133  17:33  Stalker x4  
  112  17:53  Disruptor (Chrono Boost)  
  112  17:54  Probe  
  103  18:05  Observer (Chrono Boost)  
  103  18:12  Stalker x4  
  109  18:13  Stalker x2, Zealot x3  
  109  18:14  Zealot  
  123  18:21  Assimilator  
  123  18:24  Warp Prism (Chrono Boost)  
  125  18:31  Disruptor (Chrono Boost)  
  128  18:35  Stalker x5  
  128  18:36  Zealot x2  
  128  18:40  Stalker  
Tags
 
Add a new tag
Caveats
  • Supply blocks, unpowered buildings, or Contaminate may cause inaccurate times.
  • Supply counts are checked every 10 seconds.